 Dungeon Crawl Stone Soup version 0.23.2-1-ga50397a (webtiles) character file.

Game seed: 13789999264758965053

15696 doot the Stormcaller (level 12, -5/62 HPs)
             Began as a Tengu Air Elementalist on May 14, 2019.
             Was an Elder of Vehumet.
             Killed by the air
             ... invoked by Gastronok
              (29 damage)
             ... on level 1 of the Orcish Mines.
             The game lasted 00:44:14 (18341 turns).

doot the Stormcaller (Tengu Air Elementalist)      Turns: 18341, Time: 00:44:15

Health: -5/62      AC:  6    Str: 10    XL:     12   Next: 29%
Magic:  1/28       EV: 32    Int: 20    God:    Vehumet [****..]
Gold:   827        SH:  0    Dex: 14    Spells: 6/33 levels left

rFire    . . .     SeeInvis .   C - +3 quarterstaff
rCold    . . .     Gourm    .   (shield currently unavailable)
rNeg     . . .     Faith    .   K - +2 robe {MR+}
rPois    .         Spirit   .   (helmet restricted)
rElec    .         Reflect  .   w - +0 cloak
rCorr    .         Harm     .   l - +0 pair of gloves
MR       +....                  (boots unavailable)
Stlth    ++........             z - amulet of the acrobat
HPRegen  0.20/turn              (no ring)
MPRegen  0.21/turn              (no ring)

@: about to teleport, acrobat, flying quickly and evasively, quick
A: beak, talons 3, able to fly
a: Stop Flying, Renounce Religion


You were on level 1 of the Orcish Mines.
You worshipped Vehumet.
Vehumet was greatly pleased with you.
You were near starving.

You visited 3 branches of the dungeon, and saw 13 of its levels.
You also visited: Ossuary.

You collected 1086 gold pieces.
You spent 259 gold pieces at shops.

Inventory:

Hand Weapons
 C - a +3 quarterstaff (weapon)
Missiles
 v - 2 throwing nets (quivered)
Armour
 a - a +0 robe
 l - a +0 pair of gloves (worn)
 m - a scarf of spirit shield
 w - a +0 cloak (worn)
 B - a +0 robe
 H - a +0 robe
 K - a +2 robe of magic resistance (worn)
Magical Staves
 i - an uncursed staff of death
Jewellery
 z - an amulet of the acrobat (around neck)
 J - an uncursed ring of fire
Wands
 k - a wand of polymorph (11)
 s - a wand of paralysis (13)
 x - a wand of flame (35)
 F - a wand of random effects (15)
Scrolls
 b - 2 scrolls of enchant armour
 f - 5 scrolls of identify
 h - a scroll of teleportation
 j - a scroll of enchant weapon
 n - 4 scrolls of amnesia
 p - 3 scrolls of blinking
 q - 2 scrolls of magic mapping
 r - 2 scrolls of fog
 u - a scroll of silence
 y - 2 scrolls of immolation
 A - a scroll of remove curse
 E - a scroll of acquirement
Potions
 d - 3 potions of curing
 e - 4 potions of heal wounds
 g - 4 potions of flight
 o - a potion of haste
 t - 2 potions of brilliance
Miscellaneous
 D - a crystal ball of energy
 G - a box of beasts
 I - a lightning rod (4/4)
Comestibles
 c - 17 rations


   Skills:
 + Level 2.0 Fighting
 + Level 3.1 Staves
 + Level 4.5 Dodging
 + Level 3.2 Stealth
 + Level 11.4 Spellcasting
 + Level 8.2 Conjurations
 + Level 0.5 Charms
 + Level 0.9 Ice Magic
 + Level 15.9 Air Magic


You had 6 spell levels left.
You knew the following spells:

 Your Spells              Type           Power        Failure   Level  Hunger
a - Shock                 Conj/Air       ####         1%          1    None
b - Swiftness             Chrm/Air       #####...     1%          2    None
c - Static Discharge      Conj/Air       ######..     1%          3    None
d - Airstrike             Air            ######....   1%          4    ##.....
e - Lightning Bolt        Conj/Air       ######....   1%          5    ####...
f - Ozocubu's Armour      Chrm/Ice       ##......     13%         3    None
g - Conjure Flame         Conj/Fire      ####....     1%          3    None
h - Regeneration          Chrm/Necr      ##........   16%         3    None
i - Mephitic Cloud        Conj/Pois/Air  #####...     1%          3    None

Your spell library contained the following spells:

 Spells                   Type           Power        Failure   Level  Hunger
 Freeze                   Ice            ###.         1%          1    None
 Throw Frost              Conj/Ice       ####..       1%          2    None
 Throw Icicle             Conj/Ice       ####....     2%          4    ##.....
 Animate Skeleton         Necr           N/A          6%          1    None
 Pain                     Necr           ##..         6%          1    None
 Vampiric Draining        Necr           ##........   19%         3    None
 Summon Ice Beast         Ice/Summ       ##......     45%         4    ##.....
 Animate Dead             Necr           N/A          52%         4    ##.....


Dungeon Overview and Level Annotations

Branches:
Dungeon (11/15)            Temple (1/1) D:6            Lair (0/6) D:11
    Orc (2/2) D:10            Elf (0/3) Orc:2

Altars:
Ashenzari
Cheibriados
Dithmenos
Elyvilon
Gozag
Hepliaklqana
Kikubaaqudgha
Makhleb
Nemelex Xobeh
Okawaru
Qazlal
Ru
Trog
Uskayaw
Vehumet
Wu Jian
Xom
Yredelemnul
Zin
The Shining One
Beogh

Shops:
D:4 }%*   D:5 ?   D:9 :   Orc:2 =

Annotations:
D:10 3 runed translucent doors, whitewolfNL's ghost, novice TrBe
Orc:1 Gastronok


Innate Abilities, Weirdness & Mutations

You have a beak for a mouth.
You have claws for feet.
You can fly continuously.


Message History

Unknown command.
The orc warrior no longer looks unusually strong.
The orc hits you with a +2 falchion of slicing.
You fly upwards.
An orc warrior, an orc priest, an orc wizard and Gastronok come into view.
Gastronok gurgles horribly!
You hear a shout!
The orc warrior shouts!
You hear a shout! x2
An orc priest comes into view. It is wielding a +0 whip.
Gastronok waves his eye-stalks in wide circles.
The air twists around and violently strikes you in flight!
Ouch! That really hurt!
An orc comes into view. It is wielding a +0 club.
There is a stone staircase leading down here.
As you read the scroll of teleportation, it crumbles to dust.
You feel strangely unstable. The orc closely misses you.
Unknown command.
Unknown command.
Gastronok waves his eye-stalks in wide circles.
The air twists around and violently strikes you in flight!
You die...

## ##.#
###..###
#..ooo.###
##>oo.o..#
#@.w##....
#....## .
##...#
###.. ....
.#... #
####


You could see Gastronok, an orc warrior, 2 orc priests, an orc wizard and 2
orcs.

Vanquished Creatures
  5 orc high priests
  A skeletal warrior (D:11)
  2 unseen horrors
  An orc knight (Orc:2)
  An orc sorcerer (Orc:1)
  A cyclops (Orc:2)
  An elephant (D:10)
  3 hippogriffs
  Sigmund (D:4)
  A wyvern (D:11)
  7 yaks
  A vampire (D:11)
  A basilisk (D:11)
  Edmund (D:4)
  2 wargs
  A water moccasin (D:10)
  2 sky beasts
  A swamp drake (D:10)
  15 orc warriors
  An ice beast (D:6)
  6 ogres
  2 black bears (D:9)
  2 phantoms
  3 centaurs
  A crocodile (D:11)
  An elf zombie (Ossuary)
  3 bullfrogs
  A water moccasin zombie (D:8)
  2 scorpions
  7 killer bees
  11 wights
  2 howler monkeys (D:10)
  8 crimson imps
  5 jellies
  3 centaur zombies
  2 hounds
  22 orc wizards
  28 orc priests
  A bullfrog skeleton (D:8)
  A centaur skeleton (D:11)
  5 iguanas
  A statue (D:8)
  6 worker ants
  3 big kobold zombies (Ossuary)
  A hound zombie (D:10)
  A hound skeleton (D:5)
  3 mummies
  8 adders
  12 gnolls
  A howler monkey skeleton (D:9)
  A shadow imp (D:11)
  An ooze (D:2)
  An adder skeleton (D:8)
  A worm (D:3)
  A dart slug (D:2)
  9 leopard geckos
  53 orcs
  5 bats
  6 giant cockroaches
  A gnoll zombie (Ossuary)
  17 goblins
  18 hobgoblins
  2 jackals (D:6)
  4 quokkas
  2 ball pythons
  5 frilled lizards
  2 goblin zombies (Ossuary)
  4 hobgoblin zombies (Ossuary)
  13 kobolds
  2 orc zombies (Ossuary)
  4 rats
353 creatures vanquished.

Notes
Turn   | Place    | Note
-------+----------+-------------------------------------------
     0 | D:1      | doot the Tengu Air Elementalist began the quest for the
                  | Orb.
     0 | D:1      | Reached XP level 1. HP: 10/10 MP: 4/4
   327 | D:1      | Reached XP level 2. HP: 15/15 MP: 3/6
   951 | D:1      | Reached XP level 3. HP: 19/19 MP: 2/7
   955 | D:1      | Learned a level 2 spell: Swiftness
   959 | D:1      | Learned a level 3 spell: Static Discharge
  1711 | D:2      | Reached skill level 5 in Air Magic
  1711 | D:2      | Reached XP level 4. HP: 24/24 MP: 4/9
  2258 | D:3      | Gained mutation: You can fly continuously. [Tengu growth]
  2258 | D:3      | Reached XP level 5. HP: 28/28 MP: 2/10
  2264 | D:3      | Learned a level 4 spell: Airstrike
  3244 | D:4      | Found Coar's Gadget Boutique.
  3283 | D:4      | Found a sand-covered staircase.
  3291 | Ossuary  | Entered an ossuary
  3471 | Ossuary  | Reached XP level 6. HP: 19/32 MP: 0/12
  4246 | D:4      | Noticed Sigmund
  4375 | D:5      | Entered Level 5 of the Dungeon
  4375 | D:5      | Noticed a sky beast
  4382 | D:4      | Reached skill level 1 in Fighting
  4382 | D:4      | Reached skill level 6 in Air Magic
  4692 | D:4      | Found Kuulline's General Store.
  4975 | D:4      | Found Miodapren's Food Boutique.
  5203 | D:4      | Killed a sky beast
  5203 | D:4      | Reached XP level 7. HP: 32/38 MP: 0/14
  5210 | D:4      | Learned a level 5 spell: Lightning Bolt
  5432 | D:4      | Bought a potion of haste for 100 gold pieces
  5432 | D:4      | Bought a scroll of blinking for 75 gold pieces
  5536 | D:4      | Noticed Edmund
  5811 | D:4      | Killed Edmund
  5811 | D:4      | Reached skill level 5 in Spellcasting
  5811 | D:4      | Reached skill level 7 in Air Magic
  6224 | D:4      | Killed Sigmund
  6224 | D:4      | Reached XP level 8. HP: 38/43 MP: 2/17
  6622 | D:5      | Found a shimmering altar of Xom.
  6626 | D:5      | Reached skill level 8 in Air Magic
  6918 | D:5      | Found Podin's Magic Scroll Boutique.
  6921 | D:5      | Bought a scroll of amnesia for 42 gold pieces
  6921 | D:5      | Bought a scroll of magic mapping for 42 gold pieces
  7674 | D:6      | Reached skill level 5 in Conjurations
  7719 | D:6      | Found a staircase to the Ecumenical Temple.
  7731 | Temple   | Entered the Ecumenical Temple
  8171 | D:6      | Reached skill level 9 in Air Magic
  8245 | D:6      | Found a stormy altar of Qazlal.
  8251 | D:6      | Reached XP level 9. HP: 44/47 MP: 2/20
  8536 | D:6      | Reached skill level 10 in Air Magic
  8747 | D:6      | You are sucked into a shaft for 2 floors!
  8754 | D:8      | Reached skill level 1 in Staves
  9127 | D:8      | Found an ancient bone altar of Kikubaaqudgha.
  9127 | D:8      | Found a shattered altar of Ashenzari.
  9127 | D:8      | Found a sparkling altar of Nemelex Xobeh.
  9245 | D:8      | Learned a level 3 spell: Ozocubu's Armour
  9413 | D:8      | Found a radiant altar of Vehumet.
  9540 | D:8      | Became a worshipper of Vehumet
 10006 | D:8      | Reached skill level 11 in Air Magic
 10216 | D:8      | Found a glowing golden altar of the Shining One.
 10224 | D:8      | Found a shimmering altar of Xom.
 10872 | D:9      | Killed an unseen horror
 10872 | D:9      | Reached skill level 12 in Air Magic
 10872 | D:9      | Reached XP level 10. HP: 25/52 MP: 4/23
 11041 | D:9      | Found a shimmering altar of Xom.
 11551 | D:9      | Identified a scroll of acquirement
 11575 | D:9      | Reached * piety under Vehumet
 11575 | D:9      | Offered knowledge of Flame Tongue by Vehumet.
 11818 | D:9      | Found Tonirope's Book Shop.
 12039 | D:10     | Entered Level 10 of the Dungeon
 12064 | D:10     | Noticed whitewolfNL's ghost (novice TrBe)
 12091 | D:10     | Found a runed translucent gate.
 12091 | D:10     | Found a runed translucent gate.
 12091 | D:10     | Found a runed translucent gate.
 12364 | D:10     | Killed an unseen horror
 12818 | D:10     | Reached skill level 13 in Air Magic
 13228 | D:10     | Reached ** piety under Vehumet
 13228 | D:10     | Offered knowledge of Searing Ray by Vehumet.
 13570 | D:10     | Found a staircase to the Orcish Mines.
 13690 | D:11     | Found a staircase to the Lair.
 13691 | D:11     | Noticed an elephant
 13717 | D:11     | Reached XP level 11. HP: 57/57 MP: 1/25
 13998 | Orc:1    | Entered Level 1 of the Orcish Mines
 13998 | Orc:1    | Found a roughly hewn altar of Beogh.
 14294 | Orc:2    | Entered Level 2 of the Orcish Mines
 14315 | Orc:2    | Noticed an orc high priest
 14315 | Orc:2    | Noticed a cyclops
 14329 | Orc:2    | Killed an orc high priest
 14476 | Orc:2    | Offered knowledge of Conjure Flame by Vehumet.
 14651 | D:11     | Learned a level 3 spell: Conjure Flame
 14683 | D:11     | Reached skill level 10 in Spellcasting
 14684 | D:11     | Reached skill level 14 in Air Magic
 15339 | D:11     | Reached *** piety under Vehumet
 15610 | D:11     | Learned a level 3 spell: Regeneration
 16076 | D:11     | Noticed a skeletal warrior
 16087 | D:11     | Killed a skeletal warrior
 16159 | D:11     | Noticed a death knight
 16370 | Orc:2    | Noticed an orc high priest
 16376 | Orc:2    | Killed an orc high priest
 16388 | Orc:2    | Offered knowledge of Olgreb's Toxic Radiance by Vehumet.
 16512 | Orc:2    | Noticed an orc high priest
 16605 | Orc:2    | Killed an orc high priest
 16850 | Orc:2    | Noticed an orc high priest
 16964 | Orc:1    | Killed an orc high priest
 16964 | Orc:1    | Reached skill level 15 in Air Magic
 17376 | Orc:2    | Reached XP level 12. HP: 59/62 MP: 20/28
 17412 | Orc:2    | Noticed an orc high priest
 17532 | Orc:2    | Killed an orc high priest
 17532 | Orc:2    | Reached **** piety under Vehumet
 17852 | Orc:2    | Offered knowledge of Mephitic Cloud by Vehumet.
 17875 | Orc:2    | Learned a level 3 spell: Mephitic Cloud
 17948 | Orc:2    | Found Xenibru's Jewellery Emporium.
 18181 | Orc:2    | Found a staircase to the Elven Halls.
 18339 | Orc:1    | Noticed Gastronok
 18341 | Orc:1    | Killed from afar by Gastronok

Skill      XL: |  1  2  3  4  5  6  7  8  9 10 11 |
---------------+----------------------------------+-----
Conjurations   | 2 3 4 5 6 7 8 |  8.2
Air Magic      | 5 6 7 9 12 13 15 | 15.9
Spellcasting   | 3 4 5 6 8 9 11 | 11.4
Fighting       | 1 2 |  2.0
Dodging        | 3 4 |  4.5
Staves         | 1 2 3 |  3.1
Stealth        | 3 |  3.2
Charms         | |  0.5
Ice Magic      | |  0.9

Action                   |  1- 3 |  4- 6 |  7- 9 | 10-12 || total
-------------------------+-------+-------+-------+-------++-------
Melee: Staff             |     3 |    29 |    26 |       ||    58
       Unarmed           |     3 |       |       |       ||     3
       Kick              |     1 |     3 |    11 |    10 ||    25
       Peck              |       |     2 |     2 |     8 ||    12
       Quarterstaff      |       |       |     6 |    64 ||    70
 Cast: Shock             |    70 |   125 |   123 |   104 ||   422
       Static Discharge  |     1 |     9 |    10 |    10 ||    30
       Airstrike         |       |    12 |    91 |   146 ||   249
       Lightning Bolt    |       |       |     3 |    75 ||    78
       Ozocubu's Armour  |       |       |     1 |     1 ||     2
       Conjure Flame     |       |       |       |     1 ||     1
 Abil: Fly               |       |     1 |       |       ||     1
  Use: Scroll            |     1 |       |     1 |    11 ||    13
       Potion            |       |       |     3 |       ||     3
  Eat: Chunk             |     2 |     7 |    17 |    27 ||    53
       Ration            |       |     2 |     4 |     5 ||    11
Armor: Robe              |     4 |    12 |     7 |    18 ||    41
Dodge: Dodged            |    17 |    38 |    56 |   116 ||   227
